AoeStats
← TBO Comico

Arabia

508957809Analyzed
2v2 RM · 9d ago on Sep 24, 2026· 49m 2s· 4 players
Game mode
Random Map
Map size
Medium (4 player)
Population
200
Speed
Normal
Resources
Standard
Victory
Conquest
Starting age
Dark Age
Ending age
Imperial Age
RankedLock teamsTeams togetherTeam positionsShared explorationLock speedFull tech treeHidden civsTurbo modeCheats
Victory
Defeat
🇦🇷 Teutons · Argentina
1662
+8
🇦🇷 Hindustanis · Argentina
1396
+18
🇲🇽 Vietnamese · Mexico
1464
-13
🇲🇽 Berbers · Mexico
1461
-13
UrielMazatzi
7:05 Loom
8:51 Feudal Age
9:50 Double-Bit Axe
20:02 Castle Age
17:59 Stone Mining
18:24 Fletching
19:23 Bloodlines
21:36 Bow Saw
21:22 Bodkin Arrow
21:45 Husbandry
23:24 Ballistics
24:56 Town Watch
34:59 Imperial Age
35:50 Bracer
36:57 Chemistry
36:34 Horse Collar
38:09 Elite Camel Archer
39:10 Conscription
42:37 Maghrebi Camels
42:57 Conscription
43:17 Fortified Wall
43:41 Padded Archer Armor
45:53 Light Cavalry
48:15 Heavy Camel Rider
TBO Comico
6:55 Loom
9:11 Feudal Age
10:06 Double-Bit Axe
18:01 Fletching
17:59 Horse Collar
26:09 Castle Age
26:09 Crossbowman
29:04 Gold Mining
29:56 Scale Mail Armor
29:54 Bodkin Arrow
33:51 Thumb Ring
34:06 Padded Archer Armor
34:30 Heavy Plow
36:39 Stone Mining
37:20 Bow Saw
38:40 Wheelbarrow
37:50 Town Watch
39:22 Town Patrol
39:37 Hand Cart
40:06 Hand Cart
41:39 Leather Archer Armor
44:11 Imperial Age
42:24 Stone Shaft Mining
42:27 Ballistics
Voit3ch_
6:59 Loom
9:18 Feudal Age
10:11 Double-Bit Axe
15:44 Horse Collar
20:08 Castle Age
18:46 Bloodlines
18:53 Gold Mining
20:01 Scale Barding Armor
22:40 Bow Saw
25:21 Heavy Plow
27:00 Wheelbarrow
27:37 Chain Barding Armor
27:44 Town Watch
29:05 Forging
30:45 Hand Cart
37:10 Imperial Age
37:27 Cavalier
38:43 Plate Barding Armor
38:15 Stone Mining
38:56 Crop Rotation
39:26 Two-Man Saw
38:49 Paladin
39:51 Conscription
40:31 Iron Casting
42:40 Blast Furnace
47:32 Crenellations
47:04 Fletching
47:36 Ballistics
48:16 Chemistry
47:27 Masonry
47:22 Siege Engineers
47:54 Stone Shaft Mining
aReIF
6:34 Loom
8:55 Feudal Age
10:03 Double-Bit Axe
20:19 Castle Age
18:45 Forging
18:30 Gold Mining
19:09 Bloodlines
20:36 Scale Barding Armor
22:29 Chain Barding Armor
25:54 Husbandry
29:46 Town Watch
30:15 Fletching
30:26 Padded Archer Armor
30:55 Bodkin Arrow
31:15 Stone Mining
31:52 Horse Collar
32:59 Leather Archer Armor
32:11 Elite Skirmisher
35:40 Wheelbarrow
38:29 Imperial Age
36:31 Ballistics
36:49 Bow Saw
40:40 Chemistry
39:12 Light Cavalry
41:33 Bracer
42:34 Chemistry
42:10 Hussar
43:26 Plate Barding Armor
43:02 Heavy Plow
43:39 Gold Shaft Mining
44:01 Iron Casting
44:51 Hand Cart
47:15 Ring Archer Armor
47:49 Blast Furnace
47:55 Blast Furnace
47:49 Town Patrol
Connection lost

Rejoining the realm…

Still unreachable

The connection could not be restored.

Session expired

The server has moved on; the page needs a fresh start.